Map: Blueshift LE

Players

Maxilicious - Winner!

  • Race: Terran Terran
  • Spawn Location: 7:00

A.I. 1 (Very Easy)

  • Race: Zerg Zerg
  • Spawn Location: 1:00

VOD

https://youtu.be/oFt_qPj9tac?t=3731

Description

Time

  • Played on: Jan. 14, 2019, 7:21 a.m.
  • Length: 6:12
Show
View Real Time Build Order
Export as new Build Order

Maxilicious Terran - Winner!

Build Orders: Gas First Reaper Expand 

Get SALT Encoding   

  12  0:00  SCV  
  13  0:13  SCV  
  14  0:17  Supply Depot  
  14  0:25  SCV  
  15  0:31  Refinery  
  15  0:38  SCV  
  16  0:45  Barracks  
  16  0:50  SCV  
  17  1:03  SCV  
  18  1:15  SCV  
  19  1:32  Orbital Command  
  19  1:33  Reaper  
  20  1:44  Command Center  
  20  1:55  Factory  
  20  1:58  SCV  
  21  2:08  Supply Depot  
  21  2:09  Barracks Reactor  
  21  2:12  SCV  
  22  2:17  Refinery  
  22  2:24  SCV  
  23  2:36  SCV  
  24  2:43  Starport  
  24  2:48  SCV  
  25  2:54  Hellion x2  
  30  2:59  Orbital Command  
  30  3:01  SCV, Marine  
  31  3:13  SCV  
  32  3:22  Fusion Core  
  32  3:25  SCV  
  33  3:30  Refinery, SCV  
  33  3:31  Starport Tech Lab  
  36  3:34  Hellion x2  
  36  3:38  SCV  
  39  3:43  SCV  
  39  3:45  Supply Depot  
  40  3:51  SCV  
  42  3:55  SCV  
  42  4:03  SCV  
  42  4:07  Supply Depot  
  42  4:09  Battlecruiser  
  49  4:12  SCV  
  50  4:24  Weapon Refit, SCV x2  
  52  4:36  SCV x2  
  54  4:38  Command Center  
  54  4:45  Refinery  
  54  4:49  Hellion x2  
  54  4:50  SCV x2  
  60  4:55  Supply Depot  
  60  5:04  SCV x2, Supply Depot  
  68  5:22  SCV x2  
  68  5:28  Supply Depot  
  70  5:31  Hellion x2  
  74  5:36  Supply Depot, SCV x2  
  76  5:44  Factory  
  76  5:47  Factory  
  76  5:53  SCV x2  
  78  5:58  Armory  
  78  6:02  Armory  
Show
View Real Time Build Order
Export as new Build Order

A.I. 1 (Very Easy) Zerg 

Build Orders: Pool Only 

Get SALT Encoding   

  12  0:00  Drone  
  13  0:12  Overlord  
  13  0:16  Drone  
  14  0:35  Spawning Pool  
  14  0:37  Extractor  
  14  0:39  Drone  
  13  0:47  Drone  
  14  0:52  Overlord  
  14  1:22  Zergling x2  
  14  1:24  Queen  
  17  1:31  Roach Warren  
  16  1:35  Drone  
  16  1:38  Extractor  
  16  1:43  Drone  
  17  1:50  Zergling x2  
  18  2:02  Drone  
  19  2:09  Drone  
  20  2:18  Zergling x2, Drone  
  22  2:29  Overlord  
  22  2:31  Drone  
  23  2:38  Drone  
  24  2:45  Drone  
  24  2:46  Roach  
  27  5:21  Zergling x2  
  27  5:23  Queen  
  27  5:25  Drone  
  25  5:32  Drone  
  20  5:39  Drone  
  16  5:46  Drone  
  11  5:50  Roach  
  11  5:53  Drone  
Tags
 
Add a new tag
Caveats
  • Supply blocks, unpowered buildings, or Contaminate may cause inaccurate times.
  • Supply counts are checked every 10 seconds.